 Dungeon Crawl Stone Soup version 0.20-a0-1058-g0491fde (webtiles) character file.

224 Gorglomux the Covered (level 5, -3/46 HPs)
             Began as a Minotaur Fighter on Apr 26, 2017.
             Was an Initiate of Trog.
             Slain by Gorglomux's ghost (15 damage)
             ... on level 3 of the Dungeon.
             The game lasted 00:03:04 (1968 turns).

Gorglomux the Covered (Minotaur Fighter)            Turns: 1968, Time: 00:03:04

Health: -3/46      AC:  7    Str: 20    XL:     5   Next: 67%
Magic:  4/4        EV:  8    Int:  5    God:    Trog [......]
Gold:   107        SH:  9    Dex: 11    Spells: 4/4 levels left

rFire    . . .     SeeInvis .   a - +0 war axe
rCold    . . .     Gourm    .   c - +0 shield
rNeg     . . .     Faith    .   b - +0 scale mail
rPois    .         Spirit   .   (helmet restricted)
rElec    .         Reflect  .   (no cloak)
rCorr    .         Harm     .   (no gloves)
MR       .....                  (no boots)
Stlth    ..........             (no amulet)
Regen    0.2/turn               (no ring)
MPRegen  0.1/turn               (no ring)

@: no status effects
A: retaliatory headbutt, horns 2
a: Burn Spellbooks, Renounce Religion


You were on level 3 of the Dungeon.
You worshipped Trog.
Trog was noncommittal.
You were not hungry.

You visited 1 branch of the dungeon, and saw 3 of its levels.

You collected 107 gold pieces.

Inventory:

Hand Weapons
 a - a +0 war axe (weapon)
Missiles
 m - 2 throwing nets {=f, !d}
Armour
 b - a +0 scale mail (worn)
 c - a +0 shield (worn)
Wands
 u - a wand of confusion (9/48)
   (You took it off Ijyb on level 3 of the Dungeon)
Scrolls
 j - 4 scrolls of teleportation {unknown}
 k - 2 scrolls of identify {unknown}
 l - 3 scrolls of immolation {unknown}
 p - a scroll of summoning {unknown}
 q - a scroll of fog {unknown}
 r - a scroll of enchant weapon {unknown}
 s - a scroll of blinking {unknown}
 x - a scroll of magic mapping {unknown}
 y - a scroll of enchant armour {unknown}
Potions
 e - 2 potions of heal wounds {unknown}
 n - a potion of curing {unknown}
 o - a potion of ambrosia {unknown}
 v - a potion of resistance {unknown}
 w - a potion of agility {unknown}
Comestibles
 f - 2 bread rations {@e1@e1}
 g - 2 royal jellies
 h - a meat ration {@e2@e2}
 i - 4 fruits


   Skills:
 + Level 4.2 Fighting
 * Level 4.6 Axes
 + Level 4.7 Armour
 + Level 1.9 Dodging
 + Level 4.7 Shields


You had 4 spell levels left.
You didn't know any spells.

Dungeon Overview and Level Annotations

Branches:
Dungeon (3/15)

Altars:
Dithmenos
Elyvilon
Trog
Xom
Zin

Annotations:
D:3 Gorglomux's ghost, amateur MiFi


Innate Abilities, Weirdness & Mutations

You reflexively headbutt those who attack you in melee.
You have a pair of horns on your head.


Message History

You are too injured to fight recklessly!
You are too injured to fight recklessly!
You are too injured to fight recklessly!
You are too injured to fight recklessly!
There are monsters nearby!
You are too injured to fight recklessly!
You are too injured to fight recklessly!
You are too injured to fight recklessly!
You are too injured to fight recklessly!
You are too injured to fight recklessly!
You are too injured to fight recklessly!
You are too injured to fight recklessly!
You are too injured to fight recklessly!
Unknown command.
There are monsters nearby!
You are too injured to fight recklessly!
You are too injured to fight recklessly!
You are too injured to fight recklessly!
You are too injured to fight recklessly!
You are too injured to fight recklessly!
You are too injured to fight recklessly!
You are too injured to fight recklessly!
There are monsters nearby!
You are too injured to fight recklessly!
You are too injured to fight recklessly!
You are too injured to fight recklessly!
You are too injured to fight recklessly!
You are too injured to fight recklessly!
You are too injured to fight recklessly!
You are too injured to fight recklessly!
You are too injured to fight recklessly!
You are too injured to fight recklessly!
There are monsters nearby!
You are too injured to fight recklessly!
You are too injured to fight recklessly!
You are too injured to fight recklessly!
You are too injured to fight recklessly!
You are too injured to fight recklessly!
You are too injured to fight recklessly!
You are too injured to fight recklessly!
You are too injured to fight recklessly!
Unknown command.
There are monsters nearby!
You are too injured to fight recklessly!
You are too injured to fight recklessly!
You are too injured to fight recklessly!
You are too injured to fight recklessly!
You are too injured to fight recklessly!
You are too injured to fight recklessly!
You are too injured to fight recklessly!
There are monsters nearby!
You are too injured to fight recklessly!
You are too injured to fight recklessly!
You are too injured to fight recklessly!
You are too injured to fight recklessly!
You are too injured to fight recklessly!
You are too injured to fight recklessly!
You are too injured to fight recklessly!
You are too injured to fight recklessly!
You are too injured to fight recklessly!
There are monsters nearby!
You are too injured to fight recklessly!
You are too injured to fight recklessly!
You are too injured to fight recklessly!
You are too injured to fight recklessly!
You are too injured to fight recklessly!
You are too injured to fight recklessly!
You are too injured to fight recklessly!
You are too injured to fight recklessly!
Unknown command.
Drop what? 24/52 slots (_ for help) (? for menu, Esc to quit)
Okay, then.
You take 9 damage, and have 27/46 hp.
You see here a club.
You feel very mighty all of a sudden.
Your shield prevents you from hitting Gorglomux's ghost.
Gorglomux's ghost hits you! You block Gorglomux's ghost's attack.
You take 9 damage, and have 20/46 hp.
You barely miss Gorglomux's ghost. You headbutt Gorglomux's ghost!
Gorglomux's ghost says very slowly, "There's no hope."
You block Gorglomux's ghost's attack.
You barely miss Gorglomux's ghost. Your headbutt misses Gorglomux's ghost.
You block Gorglomux's ghost's attack.
Your shield and scale mail prevent you from hitting Gorglomux's ghost.
You headbutt Gorglomux's ghost. Gorglomux's ghost hits you!
* * * LOW HITPOINT WARNING * * *
You block Gorglomux's ghost's attack.
You take 14 damage, and have 6/46 hp.
MASSIVE DAMAGE!!
There is a white marble altar of Elyvilon here.
You feel a little less mighty now.
A bat comes into view.
Found a stone staircase leading down.
You block the bat's attack. The bat hits you but does no damage.
You closely miss the bat. The bat barely misses you.
The bat hits you but does no damage. You block Gorglomux's ghost's attack.
You closely miss the bat. Your headbutt misses the bat.
You hit Gorglomux's ghost. The bat barely misses you.
The bat hits you but does no damage. Gorglomux's ghost hits you!
You die...

#..# ##. #.## #...
####.####...
#...........
#.##.#......
#.##........
#######.####......
###
#.Wg......._......
..#
#@#####.###.###...
#.# #b# #.# #.#
#... #.# >.# #.#
#.# ##g. ####.#
.### #.# #.# #..
...#.# #. #.# #.#
#.. ....<#####.# #
#.# #.# #..
##..Wg.....# #.#
#.# #..
##..####### .
#####.###.####..
#.g# ##.
#..........g....


You could see Gorglomux's ghost, a hobgoblin and a bat.

Vanquished Creatures
  An orc wizard (D:3)
  Ijyb (D:3)
  Robin (D:3)
  4 gnolls (D:2)
  2 adders (D:2)
  A dart slug (D:2)
  A worm (D:3)
  3 leopard geckos
  10 orcs (D:3)
  2 ball pythons
  13 bats
  5 giant cockroaches
  17 goblins
  7 hobgoblins
  A quokka (D:2)
  6 frilled lizards
  11 kobolds
  6 rats
92 creatures vanquished.

Notes
Turn   | Place    | Note
-------+----------+-------------------------------------------
     0 | D:1      | Gorglomux the Minotaur Fighter began the quest for the Orb.
     0 | D:1      | Reached XP level 1. HP: 19/19 MP: 0/0
   166 | D:1      | Reached XP level 2. HP: 23/27 MP: 1/1
   474 | D:1      | Reached skill level 4 in Shields
   536 | D:1      | Reached skill level 4 in Armour
   682 | D:2      | Reached skill level 3 in Axes
   682 | D:2      | Reached XP level 3. HP: 30/33 MP: 2/2
   772 | D:2      | Found a shadowy altar of Dithmenos.
   809 | D:2      | Reached skill level 1 in Dodging
   812 | D:2      | Reached XP level 4. HP: 25/40 MP: 3/3
  1228 | D:2      | Reached skill level 4 in Fighting
  1420 | D:3      | Noticed Robin
  1424 | D:3      | Noticed Gorglomux's ghost (amateur MiFi)
  1429 | D:3      | Killed Robin
  1429 | D:3      | Reached XP level 5. HP: 44/46 MP: 4/4
  1476 | D:3      | Found a faded altar of an unknown god.
  1498 | D:3      | Noticed Ijyb
  1565 | D:3      | Reached skill level 4 in Axes
  1622 | D:3      | Found a bloodstained altar of Trog.
  1653 | D:3      | Killed Ijyb
  1660 | D:3      | Found a shimmering altar of Xom.
  1660 | D:3      | Found a glowing silver altar of Zin.
  1660 | D:3      | Noticed an angel
  1697 | D:3      | Became a worshipper of Trog the Wrathful
  1870 | D:3      | Found a white marble altar of Elyvilon.
  1932 | D:3      | HP: 6/46 [Gorglomux's ghost (14)]
  1968 | D:3      | Slain by Gorglomux's ghost

Vault maps used:
D:1:      minmay_arrival_plants_in_alcoves
D:2:      minmay_diamond_boxcup, lemuel_doored_altar, first_bread,
          minmay_split_cup_small
D:3:      grunt_temple_overflow_order_and_chaos_1, overflow_temple_1_default,
          bloody_trog, chequers_ecumenical_altar_island, uniq_robin, uniq_ijyb

Skill      XL: |  1  2  3  4  5 |
---------------+----------------+-----
Shields        | 4 |  4.7
Armour         | 4 |  4.7
Axes           | 3 4 |  4.6
Dodging        | 1 |  1.9
Fighting       | 4 |  4.2

Action                   |  1- 3 |  4- 6 || total
-------------------------+-------+-------++-------
Melee: War axe           |    92 |   126 ||   218
       Headbutt          |    12 |    20 ||    32
  Use: Potion            |       |     1 ||     1
  Eat: Chunk             |       |     4 ||     4
Armor: Scale mail        |    44 |    58 ||   102
Dodge: Dodged            |    31 |    42 ||    73
Block: Shield            |    57 |    72 ||   129

Vault maps used:
D:1:      minmay_arrival_plants_in_alcoves
D:2:      minmay_diamond_boxcup, lemuel_doored_altar, first_bread,
          minmay_split_cup_small
D:3:      grunt_temple_overflow_order_and_chaos_1, overflow_temple_1_default,
          bloody_trog, chequers_ecumenical_altar_island, uniq_robin, uniq_ijyb

Table legend:
 A = Turns spent in this place as a percentage of turns spent in the entire game.
 B = Non-inter-level travel turns spent in this place as a percentage of non-inter-level travel turns spent in the entire game.
 C = Inter-level travel turns spent in this place as a percentage of turns spent in this place.
 D = Turns resting spent in this place as a percentage of non-inter-level travel turns spent in this place.
 E = Turns spent auto-exploring this place as a percentage of non-inter-level travel turns spent in this place.
 F = Non-inter-level travel turns spent in this place divided by the number of levels of this place that you've seen.
                   A       B       C       D       E      F
               +-------+-------+-------+-------+-------+----------------------
         Total | 100.0 | 100.0 |   0.1 |   0.2 |   7.1 | 759.0
       Dungeon | 100.0 | 100.0 |   0.1 |   0.2 |   7.1 | 759.0
               +-------+-------+-------+-------+-------+----------------------

Table legend:
 A = Kills in this place as a percentage of kills in entire the game.
 B = Kills by you in this place as a percentage of kills by you in the entire game.
 C = Kills by friends in this place as a percentage of kills by friends in the entire game.
 D = Other kills in this place as a percentage of other kills in the entire game.
 E = Experience gained in this place as a percentage of experience gained in the entire game.
 F = Experience gained in this place divided by the number of levels of this place that you have seen.
                   A       B       C       D       E      F
               +-------+-------+-------+-------+-------+----------------------
         Total | 100.0 | 100.0 |  -nan |  -nan | 100.0 | 107.0
       Dungeon | 100.0 | 100.0 |  -nan |  -nan | 100.0 | 107.0
               +-------+-------+-------+-------+-------+----------------------
